AoeStats
← Jan Itor

Arena

510332314Analyzed
4v4 RM · 21h ago on Sep 30, 2026· 34m 30s· 8 players
Game mode
Random Map
Map size
Large (8 player)
Population
200
Speed
Normal
Resources
Standard
Victory
Conquest
Starting age
Dark Age
Ending age
Imperial Age
RankedLock teamsTeams togetherTeam positionsShared explorationLock speedFull tech treeHidden civsTurbo modeCheats
Victory
Defeat
🇩🇪 Saxons · Germany
2155
+4
🇨🇭 Varangians · Switzerland
1764
+15
🇨🇳 Mongols · China
1706
+17
1702
+18
🇩🇪 Muisca · Germany
1814
-16
🇹🇼 Jurchens · Taiwan
1788
-14
🇦🇷 Danes · Argentina
1750
-12
🇨🇿 Khmer · Czechia
1743
-12
Franczesco
11:02 Feudal Age
13:53 Castle Age
12:13 Double-Bit Axe
12:09 Horse Collar
15:39 Bow Saw
17:17 Wheelbarrow
20:27 Gold Mining
21:30 Loom
22:08 Stone Mining
22:32 Heavy Plow
23:17 Hand Cart
22:49 Town Watch
28:07 Imperial Age
26:57 Scale Barding Armor
27:40 Husbandry
27:59 Devotion
28:58 Siege Engineers
30:06 Gold Shaft Mining
30:49 Ballistics
30:50 Chain Barding Armor
30:38 Elite Ballista Elephant
32:29 Chemistry
32:24 Double Crossbow
32:47 Conscription
32:35 Capped Ram
34:20 Plate Barding Armor
33:57 Bloodlines
34:20 Forging
33:31 Light Cavalry
33:57 Siege Ram
_Ares_大锤
10:22 Feudal Age
14:12 Castle Age
12:00 Double-Bit Axe
12:22 Horse Collar
16:24 Bow Saw
16:15 Loom
17:07 Loom
20:40 Wheelbarrow
19:52 Town Watch
31:09 Imperial Age
29:14 Scale Mail Armor
29:36 Squires
29:22 Gambesons
29:23 Arson
29:41 Gold Mining
29:42 Stone Mining
30:20 Heavy Plow
30:53 Forging
30:59 Chain Mail Armor
31:04 Fletching
32:21 Conscription
31:38 Pikeman
33:06 Plate Mail Armor
32:28 Hamask
33:11 Elite Jomsviking
34:19 Hand Cart
33:55 Halberdier
35:28 Iron Casting
2KM1
12:21 Feudal Age
13:10 Double-Bit Axe
16:07 Castle Age
14:29 Double-Bit Axe
14:33 Horse Collar
16:13 Scale Barding Armor
17:00 Bow Saw
24:29 Heavy Plow
26:23 Wheelbarrow
26:46 Gold Mining
26:51 Stone Mining
27:36 Devotion
28:19 Gold Shaft Mining
27:59 Husbandry
29:13 Hand Cart
28:44 Loom
31:19 Town Watch
37:18 Imperial Age
Jan Itor
8:57 Loom
12:18 Feudal Age
16:20 Castle Age
14:35 Horse Collar
15:05 Double-Bit Axe
17:49 Bow Saw
17:39 Heavy Plow
20:19 Wheelbarrow
27:47 Hand Cart
32:05 Hand Cart
31:55 Heavy Plow
34:37 Town Watch
NOC | Annotoph
5:53 Loom
8:21 Feudal Age
7:55 Loom
8:57 Double-Bit Axe
17:00 Castle Age
14:44 Horse Collar
22:42 Imperial Age
20:49 Gold Mining
23:47 Block Printing
27:31 Illumination
27:27 Sanctity
28:32 Redemption
29:18 Theocracy
29:13 Clerical Recruitment
tim.13
9:50 Feudal Age
13:44 Castle Age
12:06 Horse Collar
12:45 Double-Bit Axe
14:39 Wheelbarrow
15:52 Bow Saw
20:30 Gold Mining
22:04 Stone Mining
23:01 Fervor
23:31 Gold Shaft Mining
23:58 Stone Shaft Mining
28:59 Imperial Age
27:06 Ballistics
26:44 Loom
27:22 Bloodlines
27:12 Husbandry
27:04 Fletching
27:24 Thumb Ring
27:41 Bodkin Arrow
28:10 Padded Archer Armor
28:02 Light Cavalry
28:49 Heavy Plow
29:39 Leather Archer Armor
30:58 Chemistry
29:59 Bracer
30:23 Conscription
31:51 Drill
31:21 Town Watch
30:58 Onager
32:21 Siege Onager
33:35 Parthian Tactics
33:53 Elite Mangudai
大平果是小菜鸡他爸
9:53 Feudal Age
13:25 Castle Age
11:34 Loom
11:37 Double-Bit Axe
12:15 Horse Collar
17:16 Sanctity
20:48 Redemption
22:20 Fervor
23:45 Bow Saw
28:19 Wheelbarrow
30:57 Imperial Age
29:21 Town Watch
31:36 Gold Mining
31:49 Fletching
32:39 Block Printing
32:50 Illumination
[V-VI] LemonJack
10:56 Feudal Age
11:55 Horse Collar
14:47 Castle Age
12:43 Horse Collar
13:49 Double-Bit Axe
15:55 Heavy Plow
20:38 Bow Saw
21:47 Light Cavalry
22:31 Gold Mining
24:34 Wheelbarrow
24:23 Bloodlines
25:32 Husbandry
26:58 Forging
27:53 Hand Cart
27:44 Stone Mining
30:32 Imperial Age
27:49 Loom
28:21 Scale Barding Armor
28:38 Treadmill Crane
28:45 Town Watch
29:52 Chain Barding Armor
30:50 Stone Shaft Mining
31:24 Coinage
31:10 Elite Jarl
32:45 Crop Rotation
33:16 Two-Man Saw
33:05 Conscription
34:05 Banking
33:37 Caravan
35:19 Plate Barding Armor
Connection lost

Rejoining the realm…

Still unreachable

The connection could not be restored.

Session expired

The server has moved on; the page needs a fresh start.